 Dungeon Crawl Stone Soup version 0.20-a0-191-gf34b5b9 (webtiles) character file.

8297 Jraekied the Party-goer (level 11, -4/97 HPs)
             Began as a Demonspawn Gladiator on Nov 23, 2016.
             Was a Priest of Uskayaw.
             Slain by Snorg (8 damage)
             ... on level 10 of the Dungeon.
             The game lasted 00:25:07 (7836 turns).

Jraekied the Party-goer (Demonspawn Gladiator)      Turns: 7836, Time: 00:25:07

Health: -4/97      AC: 11    Str: 23    XL:     11   Next: 8%
Magic:  19/19      EV: 13    Int:  9    God:    Uskayaw [***...]
Gold:   466        SH:  0    Dex: 22    Spells: 10/10 levels left

rFire  . . .     SeeInvis +     a - +8 quarterstaff of Distant Shores {crush, *Drain rC+ Str+4}
rCold  + + .     Gourm    +     s - +1 ring mail {rC+}
rNeg   . . .     Faith    .     (shield currently unavailable)
rPois  .         Spirit   .     (helmet unavailable)
rElec  .         Reflect  .     (no cloak)
rCorr  .         Harm     .     j - +1 pair of gloves
MR     .....     Clarity  +     N - +2 pair of boots
Stlth  +.........               D - amulet of the gourmand
                                Y - +6 ring of dexterity
                                p - ring of flight

@: no status effects
A: antennae 3, agile 1, blurry vision 1, clarity, sense surroundings 1, robust
1, spiny 2, wild magic 1, sturdy frame 2
a: Stomp, Line Pass, Renounce Religion, Evoke Flight


You were on level 10 of the Dungeon.
You worshipped Uskayaw.
Uskayaw was aware of your devotion.
You were not hungry.

You visited 1 branch of the dungeon, and saw 10 of its levels.

You collected 466 gold pieces.

Inventory:

Hand Weapons
 a - the +8 quarterstaff of Distant Shores (weapon) {crush, *Drain rC+ Str+4}
   (You found it on level 4 of the Dungeon)

   It inflicts extra damage upon your enemies.
   It affects your strength (+4).
   It protects you from cold.
   It causes draining when unequipped.
 b - a +0 hunting sling
 i - a +1 war axe
Missiles
 d - a throwing net
 r - 365 stones
 y - 62 sling bullets
 Q - 3 tomahawks (quivered)
Armour
 j - a +1 pair of gloves (worn)
 s - a +1 ring mail of cold resistance (worn)
 N - a +2 pair of boots (worn)
Jewellery
 l - an uncursed ring of ice
 p - a ring of flight (left hand)
 D - an amulet of the gourmand (around neck)
 R - an uncursed ring of see invisible
 Y - a +6 ring of dexterity (right hand)
Wands
 c - a wand of hasting (4/9)
 t - a wand of random effects (31/48)
 F - a wand of polymorph (19/24)
 J - a wand of disintegration (10/24)
 K - a wand of acid (0/15)
 U - a wand of digging (4/24)
 V - a wand of digging (11/24)
Scrolls
 v - 3 scrolls of recharging
 x - 4 scrolls of remove curse
 C - a scroll of teleportation
 L - 2 scrolls of amnesia
 O - 3 scrolls of fog
 P - 4 scrolls of fear
 T - a scroll of magic mapping
Potions
 g - 2 potions of brilliance
 k - 3 potions of cancellation
 n - a potion of resistance {unknown}
 o - 8 potions of curing
 z - 2 potions of degeneration
 H - 2 potions of flight
 S - a potion of magic
Books
 X - a book of Power

   Spells                             Type                      Level
   a - Fulminant Prism                Conjuration/Hexes            4
   b - Iskenderun's Mystic Blast      Conjuration                  4
   c - Venom Bolt                     Conjuration/Poison           5
   d - Bolt of Magma                  Conjuration/Fire/Earth       5
   e - Iron Shot                      Conjuration/Earth            6
   f - Orb of Destruction             Conjuration                  7
   g - Spellforged Servitor           Conjuration/Summoning        7
 Z - a book of Air

   Spells                             Type                      Level
   a - Shock                          Conjuration/Air              1
   b - Swiftness                      Charms/Air                   2
   c - Repel Missiles                 Charms/Air                   2
   d - Static Discharge               Conjuration/Air              3
   e - Lightning Bolt                 Conjuration/Air              5
Comestibles
 f - 6 bread rations
 h - 4 slices of pizza
 m - 4 beef jerkies
 A - 5 fruits
 W - a meat ration


   Skills:
 + Level 9.0 Fighting
 - Level 4.7 Axes
 * Level 10.4 Staves
 - Level 1.7 Throwing
 - Level 2.6 Dodging
 - Level 10.9 Invocations


You had 10 spell levels left.
You didn't know any spells.

Dungeon Overview and Level Annotations

Branches:
Dungeon (10/15)            Temple (0/1) D:5
   Lair: D:8-11         Orc: D:9-12

Altars:
Fedhas
Hepliaklqana
Makhleb
Qazlal
Sif Muna
Trog
Uskayaw
Vehumet
Yredelemnul
Zin
The Shining One

Shops:
D:9 ?

Annotations:
D:2 1 runed door
D:9 exclusions: oklob plant and statue
D:10 Snorg


Innate Abilities, Weirdness & Mutations

You have a pair of large antennae on your head. (SInv)
You are mostly covered in sharp spines.
Your movements are less encumbered by armour. (ER -4)
You are agile. (Dex +2)
Scrolls take you a little longer to read.
You possess an exceptional clarity of mind.
You passively map a small area around you.
You are robust. (+10% HP)
Your spells are a little harder to cast, but a little more powerful.


Message History

Snorg barely misses you. Snorg claws you! Snorg bites you!!
* * * LOW HITPOINT WARNING * * *
Snorg claws you but does no damage. x2
Uskayaw will force your foes to helplessly watch your dance.
Uskayaw prepares the audience for your solo!
The helpless Snorg fails to defend herself.
You bludgeon Snorg!!
Snorg is almost dead.
The helpless Snorg fails to defend herself.
You hit Snorg.
Snorg is almost dead.
Snorg is no longer paralysed.
Snorg is struck by your spines. Snorg closely misses you. Snorg claws you.
* * * LOW HITPOINT WARNING * * *
Snorg claws you.
* * * LOW HITPOINT WARNING * * *
You sock Snorg!
Snorg is almost dead.
Snorg bites you but does no damage. Snorg claws you!
You die...

#.# #..#.##.##*,*
..# #....#*.# *.*
#.#####.#..#*,###.*
#.......#.###.##..*
#.##.##.#.....##.#*
.....##....#####.#
..#####.#.#.## #.#
........#.##.###T#
..#...........##@#
..#.##.##.##..##.#
.[#.###.#.#.#.##.#
..#.####...#...#.#
.................#
..........##...###
..#.####........,*
#.#.# #.####.##.*
#.#.# *,* #.#*.*


You could see Snorg (berserk).

Vanquished Creatures
  Fannar (D:10)
  Sonja (D:10)
  A hill giant (D:10)
  A manticore (D:10)
  Psyche (D:8)
  5 polar bears (D:10)
  2 hippogriffs (D:10)
  A hog (D:10)
  A yak (D:10)
  A hungry ghost (D:7)
  2 water moccasins
  4 black bears
  4 orc warriors
  A sky beast (D:6)
  An ice beast (D:7)
  2 phantoms
  4 ogres
  A centaur (D:10)
  A big kobold (D:8)
  3 bullfrogs
  A gnoll sergeant (D:7)
  2 scorpions
  10 killer bees
  A centaur zombie (D:9)
  6 crimson imps
  A bullfrog skeleton (D:4)
  A centaur skeleton (D:8)
  7 jellies
  4 orc priests
  5 hounds
  13 orc wizards
  An iguana (D:5)
  3 worker ants
  2 hound skeletons
  3 gnolls (D:7)
  6 adders
  4 shadow imps
  An ooze (D:2)
  An adder zombie (D:9)
  4 adder skeletons
  6 worms
  4 dart slugs
  4 leopard geckos
  32 orcs
  A ball python (D:1)
  6 giant cockroaches
  7 goblins
  12 hobgoblins
  4 jackals (D:2)
  5 quokkas
  6 bats
  4 frilled lizards
  11 kobolds
  A quokka zombie (D:10)
  7 rats
224 creatures vanquished.

Notes
Turn   | Place    | Note
-------+----------+-------------------------------------------
     0 | D:1      | Jraekied the Demonspawn Gladiator began the quest for the Orb.
     0 | D:1      | Reached XP level 1. HP: 16/16 MP: 1/1
   119 | D:1      | Gained mutation: You have a pair of small antennae on your head. [demonic ancestry]
   119 | D:1      | Reached XP level 2. HP: 20/22 MP: 2/2
   682 | D:2      | Found a basalt altar of Yredelemnul.
   690 | D:2      | Gained mutation: You are partially covered in sharp spines. [demonic ancestry]
   690 | D:2      | Reached XP level 3. HP: 28/28 MP: 3/3
  1274 | D:2      | Found a bloodstained altar of Trog.
  1521 | D:2      | Gained mutation: Your movements are slightly less encumbered by armour. (ER -2) [demonic ancestry]
  1521 | D:2      | Reached XP level 4. HP: 34/34 MP: 4/4
  1569 | D:2      | Found a runed door.
  1726 | D:3      | Found a glowing golden altar of the Shining One.
  1955 | D:3      | Gained mutation: You have a pair of antennae on your head. [demonic ancestry]
  1955 | D:3      | Reached XP level 5. HP: 41/41 MP: 5/5
  2198 | D:3      | Found a hide-covered altar of Uskayaw.
  2206 | D:3      | Became a worshipper of Uskayaw the Reveler
  2291 | D:3      | Reached * piety under Uskayaw
  2415 | D:4      | Got a slimy quarterstaff
  2416 | D:4      | Identified the +8 quarterstaff of Distant Shores {crush, *Drain rC+ Str+4} (You found it on level 4 of the Dungeon)
  2430 | D:4      | Reached ** piety under Uskayaw
  2456 | D:4      | Reached skill level 1 in Staves
  2591 | D:4      | Gained mutation: You are mostly covered in sharp spines. [demonic ancestry]
  2591 | D:4      | Reached XP level 6. HP: 48/48 MP: 6/6
  3142 | D:5      | Entered Level 5 of the Dungeon
  3235 | D:5      | Found a deep blue altar of Sif Muna.
  3317 | D:5      | Found a staircase to the Ecumenical Temple.
  3326 | D:5      | Found a stormy altar of Qazlal.
  3378 | D:5      | Reached skill level 1 in Invocations
  3382 | D:5      | Reached *** piety under Uskayaw
  3645 | D:5      | Reached XP level 7. HP: 55/55 MP: 8/8
  3657 | D:5      | Found a burning altar of Makhleb.
  3990 | D:6      | Reached **** piety under Uskayaw
  4012 | D:6      | Upgraded the game from 0.20-a0-186-g67c1175 to 0.20-a0-191-gf34b5b9
  4168 | D:6      | Reached skill level 5 in Fighting
  4245 | D:6      | Found a glowing silver altar of Zin.
  4268 | D:6      | Reached XP level 8. HP: 62/62 MP: 11/11
  4404 | D:7      | Reached skill level 5 in Invocations
  4410 | D:7      | Reached skill level 5 in Staves
  4421 | D:7      | Reached ***** piety under Uskayaw
  5309 | D:8      | Noticed Psyche
  5315 | D:8      | Killed Psyche
  5315 | D:8      | Gained mutation: You have a pair of large antennae on your head. (SInv) [demonic ancestry]
  5315 | D:8      | Reached XP level 9. HP: 48/69 MP: 14/14
  5602 | D:8      | Found a hazy altar of Hepliaklqana.
  6362 | D:9      | Found Geps's Magic Scroll Emporium.
  6469 | D:9      | Found a radiant altar of Vehumet.
  6549 | D:9      | Found a blossoming altar of Fedhas.
  6563 | D:9      | Noticed an oklob plant
  6704 | D:9      | Reached skill level 10 in Invocations
  6923 | D:10     | Entered Level 10 of the Dungeon
  6933 | D:10     | Gained mutation: Your movements are less encumbered by armour. (ER -4) [demonic ancestry]
  6933 | D:10     | Reached XP level 10. HP: 31/79 MP: 17/17
  7287 | D:10     | Noticed Sonja
  7291 | D:10     | Killed Sonja
  7364 | D:10     | Noticed a hill giant
  7373 | D:10     | Killed a hill giant
  7513 | D:10     | Noticed Fannar
  7527 | D:10     | Killed Fannar
  7554 | D:10     | Found a huge runed gate.
  7554 | D:10     | Found a huge runed gate.
  7554 | D:10     | Found a huge runed gate.
  7554 | D:10     | Found a huge runed gate.
  7555 | D:10     | Noticed a manticore
  7571 | D:10     | Gained mutation: Your spells are a little harder to cast, but a little more powerful. [potion of mutation]
  7571 | D:10     | Gained mutation: You are robust. (+10% HP) [potion of mutation]
  7572 | D:10     | Gained mutation: Scrolls take you a little longer to read. [potion of mutation]
  7572 | D:10     | Gained mutation: You passively map a small area around you. [potion of mutation]
  7572 | D:10     | Gained mutation: You are dopey. (Int -2) [potion of mutation]
  7573 | D:10     | Gained mutation: You are agile. (Dex +2) [potion of mutation]
  7573 | D:10     | Gained mutation: You possess an exceptional clarity of mind. [potion of mutation]
  7574 | D:10     | Lost mutation: You are dopey. (Int -2) [potion of mutation]
  7575 | D:10     | Gained mutation: You have an increased reservoir of magic. (+10% MP) [potion of mutation]
  7575 | D:10     | Lost mutation: You have an increased reservoir of magic. (+10% MP) [potion of mutation]
  7588 | D:10     | Killed a manticore
  7588 | D:10     | Reached skill level 10 in Staves
  7592 | D:10     | Reached XP level 11. HP: 45/95 MP: 15/19
  7601 | D:10     | Reached ****** piety under Uskayaw
  7821 | D:10     | Noticed Snorg
  7835 | D:10     | HP: 4/97 [Snorg (5)]
  7836 | D:10     | Slain by Snorg

Vault maps used:
D:1:      dpeg_arrival_chambers_temple_mockup
D:2:      lemuel_round_altar, lightli_temple_of_fire,
          hangedman_decor_peaks_small, uniq_crazy_yiuf_cottage
D:3:      tso_metal_star, lemuel_coloured_pillars_altar
D:5:      kennysheep_little_box, old_standard_altar, marbit_many_paths,
          first_bread
D:6:      old_standard_altar
D:8:      nicolae_overflow_hidden_temple, uniq_psyche
D:9:      vehumet_statue, tgw_fedhas, serial_shops, shop
D:10:     lemuel_bear_cage, uniq_fannar, uniq_snorg, uniq_sonja, uniq_gastronok

Skill      XL: |  1  2  3  4  5  6  7  8  9 10 11 |
---------------+----------------------------------+-----
Axes           | 3 4 |  4.7
Fighting       | 3 4 5 6 7 8 9 |  9.0
Staves         | 1 3 4 6 8 10 | 10.4
Invocations    | 2 4 7 10 | 10.9
Throwing       | |  1.7
Dodging        | |  2.6

Action                   |  1- 3 |  4- 6 |  7- 9 | 10-12 || total
-------------------------+-------+-------+-------+-------++-------
Melee: War axe           |    84 |    19 |       |       ||   103
       Quarterstaff      |       |    43 |   192 |    62 ||   297
 Fire: Hunting sling     |    44 |    78 |       |       ||   122
Throw: Tomahawk          |       |       |     7 |     1 ||     8
       Throwing net      |       |       |     3 |       ||     3
       Stone             |       |       |     2 |       ||     2
Invok: Stomp             |       |       |     4 |     1 ||     5
       Line Pass         |       |       |     1 |       ||     1
Evoke: Wand              |       |       |     2 |     2 ||     4
  Use: Scroll            |     4 |     5 |     7 |     8 ||    24
       Potion            |       |       |       |    10 ||    10
 Stab: Paralysed         |       |     1 |    15 |     9 ||    25
       Confused          |       |       |     2 |       ||     2
  Eat: Chunk             |     1 |     2 |     3 |       ||     6
       Bread ration      |       |     1 |     2 |       ||     3
       Meat ration       |       |       |     1 |       ||     1
Armor: Leather armour    |    12 |       |       |       ||    12
       Ring mail         |    29 |    13 |    58 |    31 ||   131
       Chain mail        |       |    32 |       |       ||    32
Dodge: Dodged            |    63 |    37 |   112 |    45 ||   257
